Map: King's Cove LE

Players

Ralans

  • Race: Terran Terran
  • League: Silver
  • Spawn Location: 11:00

ZaZen - Winner!

  • Race: Protoss Protoss
  • League: Silver
  • Spawn Location: 5:00

VOD

Have the link to the VOD?

Description

Time

  • Played on: May 18, 2019, 6:50 p.m.
  • Length: 12:55
Show
View Real Time Build Order
Export as new Build Order

Ralans Terran 

Build Orders:  

Get SALT Encoding   

  12  0:01  SCV  
  13  0:13  SCV  
  14  0:18  Supply Depot  
  14  0:25  SCV  
  15  0:31  Refinery  
  15  0:40  SCV  
  16  0:46  Barracks  
  16  0:52  SCV  
  17  1:04  SCV  
  18  1:16  SCV  
  19  1:28  SCV  
  20  1:33  Reaper  
  21  1:42  Orbital Command  
  21  1:51  Command Center  
  21  2:02  Factory  
  21  2:20  SCV  
  22  2:23  Barracks Reactor  
  22  2:32  SCV  
  23  2:39  Supply Depot  
  23  3:01  Hellion  
  24  3:20  Marine x2  
  24  3:22  Hellion  
  28  3:38  Marine  
  29  3:43  Hellion  
  29  3:48  Marine  
  29  3:55  Marine  
  29  4:31  Barracks Reactor  
  29  4:34  Supply Depot  
  29  4:37  Hellion  
  29  4:38  Hellion  
  33  4:50  Refinery  
  33  4:52  Starport  
  33  5:07  SCV  
  33  5:11  Orbital Command  
  34  5:20  Liberator  
  34  5:23  Marine x2, Widow Mine x2  
  40  5:32  Refinery  
  40  5:41  Marine x2  
  38  6:14  Marine x2, Widow Mine x2  
  44  6:20  Viking  
  44  6:23  SCV  
  47  6:42  SCV  
  48  6:52  Marine  
  49  6:54  SCV  
  49  7:00  Marine  
  51  7:06  SCV  
  46  7:33  Marine  
  46  7:34  Marine  
  45  7:51  Viking, Marine  
  43  7:52  Marine  
  44  8:06  Engineering Bay  
  44  8:09  Marine  
  44  8:10  Marine  
  46  8:20  SCV, Engineering Bay  
  46  8:21  Viking  
  46  8:26  Marine  
  49  8:28  Barracks, Marine  
  49  8:33  Supply Depot  
  51  8:36  Missile Turret  
  51  8:39  SCV x2  
  53  8:44  Marine  
  53  8:46  Missile Turret  
  54  8:52  Supply Depot  
  54  8:54  Marine  
  54  8:55  Viking  
  57  9:01  Missile Turret  
  57  9:02  Marine  
  58  9:06  Hellion  
  58  9:07  Hellion  
  62  9:12  Marine  
  60  9:20  Marine  
  57  9:30  Marine  
  56  9:37  Viking  
  56  9:48  Missile Turret  
  56  9:58  SCV  
  56  9:59  Barracks Tech Lab  
  57  10:04  Terran Infantry Weapons Level 1  
  57  10:07  Viking  
  57  10:09  SCV  
  56  10:18  SCV  
  58  10:21  SCV  
  37  10:37  Viking  
  37  10:41  SCV  
  38  10:43  SCV  
  39  10:54  Combat Shield  
  39  10:59  SCV  
  40  11:10  Starport Reactor  
  40  11:14  Factory Tech Lab  
  40  11:16  Supply Depot  
  40  11:19  Engineering Bay  
  33  11:44  Marine  
  33  11:45  Siege Tank  
  32  11:56  Marine  
  32  12:01  Viking x2  
  32  12:02  Marine  
  36  12:11  Marine  
  36  12:13  Marine  
  38  12:18  Siege Tank  
  38  12:20  Marine  
  42  12:27  Armory  
  42  12:28  Marine  
  43  12:31  Marine  
Show
View Real Time Build Order
Export as new Build Order

ZaZen Protoss - Winner!

Build Orders:  

Get SALT Encoding   

  12  0:01  Probe  
  13  0:18  Probe  
  13  0:20  Pylon  
  14  0:32  Probe  
  15  0:45  Pylon  
  15  0:46  Probe  
  16  0:59  Assimilator  
  16  1:04  Gateway  
  16  1:05  Probe  
  17  1:14  Probe  
  18  1:35  Nexus  
  18  1:51  Zealot  
  18  1:54  Assimilator  
  18  2:00  Cybernetics Core  
  20  2:07  Probe  
  21  2:14  Zealot  
  23  2:42  Stargate  
  23  2:45  Warp Gate  
  23  2:47  Stalker  
  25  3:02  Probe x2  
  27  3:14  Probe  
  28  3:27  Probe x2  
  30  3:46  Probe x2  
  28  3:58  Probe x2  
  30  4:03  Phoenix  
  30  4:07  Stargate  
  30  4:09  Probe x2  
  32  4:17  Probe  
  32  4:18  Probe  
  32  4:19  Pylon  
  33  4:26  Probe  
  33  4:28  Phoenix  
  36  4:35  Probe  
  36  4:36  Probe  
  36  4:37  Pylon  
  38  4:51  Probe  
  38  4:52  Probe  
  38  4:53  Phoenix  
  42  5:01  Nexus  
  42  5:02  Probe x2  
  44  5:12  Probe  
  44  5:16  Phoenix  
  45  5:24  Phoenix  
  45  5:28  Probe x2  
  51  5:35  Robotics Facility  
  51  5:40  Probe  
  52  6:08  Phoenix  
  54  6:13  Phoenix  
  54  6:15  Probe x2  
  54  6:16  Probe  
  59  6:18  Pylon  
  59  6:22  Pylon  
  59  6:28  Probe  
  59  6:29  Probe x2  
  62  6:35  Pylon  
  62  6:36  Pylon  
  62  6:41  Probe x2  
  62  6:42  Robotics Facility  
  62  6:46  Robotics Bay  
  64  6:58  Assimilator  
  64  6:59  Assimilator, Gateway  
  64  7:00  Gateway  
  64  7:02  Assimilator x2, Gateway  
  35  7:38  Phoenix x2  
  39  7:52  Disruptor  
  39  7:55  Probe x3  
  45  8:06  Probe  
  45  8:07  Probe x2  
  48  8:13  Disruptor  
  48  8:15  Probe x2  
  48  8:16  Probe  
  54  8:23  Probe  
  55  8:31  Zealot x3  
  61  8:36  Disruptor  
  64  8:41  Probe x2  
  64  8:46  Probe  
  67  8:53  Probe  
  67  8:54  Probe  
  69  8:57  Phoenix x2  
  69  8:58  Probe  
  69  8:59  Disruptor  
  77  9:07  Probe x2  
  69  9:33  Phoenix x2  
  69  9:37  Probe x2  
  71  9:38  Probe  
  71  9:45  Probe x2  
  76  9:58  Phoenix  
  78  10:03  Gateway  
  78  10:05  Gateway  
  78  10:18  Phoenix  
  80  10:23  Phoenix  
  82  10:42  Stalker x3  
  88  10:52  Disruptor x2  
  94  10:57  Stalker  
  94  10:58  Stalker  
  94  11:02  Probe x2  
  100  11:20  Pylon  
  100  11:26  Phoenix  
  100  11:38  Phoenix  
  102  11:51  Phoenix  
  104  12:07  Phoenix  
  106  12:14  Disruptor  
Tags
 
Add a new tag
Caveats
  • Supply blocks, unpowered buildings, or Contaminate may cause inaccurate times.
  • Supply counts are checked every 10 seconds.